Workbook

Sheet UPL Calculation
B2: Unused Paid Leave Provision Calculation
B3: Magnimetrics
B5: in EUR
C7: Assumptions | H7: Summary
C8: Average Work Days per Month | F8: 21 | H8: Opening Balance | I8: Realized Provision | J8: Recognized Provision | K8: Closing Balance
C9: Average Social Securities Percentage | F9: 0.25 | H9: 51683.71 | I9: -48659.78 | J9: =K12 -> 75388.815 | K9: =SUM(H9:J9) -> 78412.745
C10: Upper Bracket for Taxable Income | F10: 4000
H12: Totals: | I12: =SUM(I14:I63) -> 62769.343 | J12: =SUM(J14:J63) -> 12619.471 | K12: =SUM(K14:K63) -> 75388.815
B13: id | C13: Name | D13: Department | E13: Gross Salary | F13: Unused Vacation Days | G13: Expected Salary Growth | H13: Expected Gross Salary | I13: Salary Provision | J13: Social Securities | K13: Total UPL Provision
B14: 1 | C14: Kellby Ambrozik | D14: Accounting | E14: 2880.81 | F14: 6 | G14: =VLOOKUP(D14,'Salary Growth'!$B$7:$C$14,2,0) -> 0.02 | H14: =E14*(1+G14) -> 2938.4262 | I14: =H14/$F$8*F14 -> 839.55034 | J14: =IF(H14>$F$10,$F$10,H14)*$F$9/$F$8*F14 -> 209.88759 | K14: =I14+J14 -> 1049.4379
B15: 2 | C15: Frederico O'Neal | D15: Finance | E15: 2624.73 | F15: 0 | G15: =VLOOKUP(D15,'Salary Growth'!$B$7:$C$14,2,0) -> 0.03 | H15: =E15*(1+G15) -> 2703.4719 | I15: =H15/$F$8*F15 -> 0 | J15: =IF(H15>$F$10,$F$10,H15)*$F$9/$F$8*F15 -> 0 | K15: =I15+J15 -> 0
B16: 3 | C16: Vanni Boyda | D16: Procurement | E16: 3570.03 | F16: 6 | G16: =VLOOKUP(D16,'Salary Growth'!$B$7:$C$14,2,0) -> 0.02 | H16: =E16*(1+G16) -> 3641.4306 | I16: =H16/$F$8*F16 -> 1040.4087 | J16: =IF(H16>$F$10,$F$10,H16)*$F$9/$F$8*F16 -> 260.10219 | K16: =I16+J16 -> 1300.5109
B17: 4 | C17: Dory Khadir | D17: Sales | E17: 4539.17 | F17: 6 | G17: =VLOOKUP(D17,'Salary Growth'!$B$7:$C$14,2,0) -> 0.02 | H17: =E17*(1+G17) -> 4629.9534 | I17: =H17/$F$8*F17 -> 1322.8438 | J17: =IF(H17>$F$10,$F$10,H17)*$F$9/$F$8*F17 -> 285.71429 | K17: =I17+J17 -> 1608.5581
B18: 5 | C18: Hestia De Haven | D18: Production | E18: 4945.24 | F18: 9 | G18: =VLOOKUP(D18,'Salary Growth'!$B$7:$C$14,2,0) -> 0.01 | H18: =E18*(1+G18) -> 4994.6924 | I18: =H18/$F$8*F18 -> 2140.5825 | J18: =IF(H18>$F$10,$F$10,H18)*$F$9/$F$8*F18 -> 428.57143 | K18: =I18+J18 -> 2569.1539
B19: 6 | C19: Ellene Devanny | D19: IT | E19: 3403.86 | F19: 9 | G19: =VLOOKUP(D19,'Salary Growth'!$B$7:$C$14,2,0) -> 0.04 | H19: =E19*(1+G19) -> 3540.0144 | I19: =H19/$F$8*F19 -> 1517.149 | J19: =IF(H19>$F$10,$F$10,H19)*$F$9/$F$8*F19 -> 379.28726 | K19: =I19+J19 -> 1896.4363
B20: 7 | C20: Curr Kasher | D20: HR | E20: 4907.37 | F20: 10 | G20: =VLOOKUP(D20,'Salary Growth'!$B$7:$C$14,2,0) -> 0.01 | H20: =E20*(1+G20) -> 4956.4437 | I20: =H20/$F$8*F20 -> 2360.2113 | J20: =IF(H20>$F$10,$F$10,H20)*$F$9/$F$8*F20 -> 476.19048 | K20: =I20+J20 -> 2836.4018
B21: 8 | C21: Valentine Stansfield | D21: Sales | E21: 3951.14 | F21: 5 | G21: =VLOOKUP(D21,'Salary Growth'!$B$7:$C$14,2,0) -> 0.02 | H21: =E21*(1+G21) -> 4030.1628 | I21: =H21/$F$8*F21 -> 959.56257 | J21: =IF(H21>$F$10,$F$10,H21)*$F$9/$F$8*F21 -> 238.09524 | K21: =I21+J21 -> 1197.6578
B22: 9 | C22: Judie Sone | D22: Sales | E22: 4597.28 | F22: 5 | G22: =VLOOKUP(D22,'Salary Growth'!$B$7:$C$14,2,0) -> 0.02 | H22: =E22*(1+G22) -> 4689.2256 | I22: =H22/$F$8*F22 -> 1116.4823 | J22: =IF(H22>$F$10,$F$10,H22)*$F$9/$F$8*F22 -> 238.09524 | K22: =I22+J22 -> 1354.5775
B23: 10 | C23: Wileen Woodstock | D23: Sales | E23: 5181.38 | F23: 5 | G23: =VLOOKUP(D23,'Salary Growth'!$B$7:$C$14,2,0) -> 0.02 | H23: =E23*(1+G23) -> 5285.0076 | I23: =H23/$F$8*F23 -> 1258.3351 | J23: =IF(H23>$F$10,$F$10,H23)*$F$9/$F$8*F23 -> 238.09524 | K23: =I23+J23 -> 1496.4304
B24: 11 | C24: Gifford Charrier | D24: Sales | E24: 3162.96 | F24: 5 | G24: =VLOOKUP(D24,'Salary Growth'!$B$7:$C$14,2,0) -> 0.02 | H24: =E24*(1+G24) -> 3226.2192 | I24: =H24/$F$8*F24 -> 768.14743 | J24: =IF(H24>$F$10,$F$10,H24)*$F$9/$F$8*F24 -> 192.03686 | K24: =I24+J24 -> 960.18429
B25: 12 | C25: Godwin Wegenen | D25: IT | E25: 6511.8 | F25: 10 | G25: =VLOOKUP(D25,'Salary Growth'!$B$7:$C$14,2,0) -> 0.04 | H25: =E25*(1+G25) -> 6772.272 | I25: =H25/$F$8*F25 -> 3224.8914 | J25: =IF(H25>$F$10,$F$10,H25)*$F$9/$F$8*F25 -> 476.19048 | K25: =I25+J25 -> 3701.0819
... B63: 50 | C63: Joanie Baty | D63: Production | E63: 2504.23 | F63: 5 | G63: =VLOOKUP(D63,'Salary Growth'!$B$7:$C$14,2,0) -> 0.01 | H63: =E63*(1+G63) -> 2529.2723 | I63: =H63/$F$8*F63 -> 602.20769 | J63: =IF(H63>$F$10,$F$10,H63)*$F$9/$F$8*F63 -> 150.55192 | K63: =I63+J63 -> 752.75961

Sheet Salary Growth
B2: Expected Salary Growth
B3: Magnimetrics
B5: in EUR
B7: Department | C7: Salary Growth %
B8: Accounting | C8: 0.02
B9: Finance | C9: 0.03
B10: HR | C10: 0.01
B11: IT | C11: 0.04
B12: Procurement | C12: 0.02
B13: Production | C13: 0.01
B14: Sales | C14: 0.02
